[Event "Championnat du monde jeunes U12F"]
[Date "2024.11.18"]
[White "Istratova, Nika"]
[Black "Radenkovic, Lena"]
[WhiteElo "1473"]
[BlackElo "1675"]
[Round "4.33"]
[Result "1/2-1/2"]
[TimeControl "5400+30"]

1. e4 e5 2. Nf3 Nc6 3. Nc3 Nf6 4. Bb5 d6 5. h3 Bd7 6. d4 a6 7. Be2 Be7 8. d5 Nb8 9. O-O O-O 10. Re1 c6 11. Bf1 cxd5 12. exd5 Bf5 13. Bd3 Qc8 14. Bxf5 Qxf5 15. Nh4 Qd7 16. Nf3 a5 17. Qd3 Na6 18. a3 Nc5 19. Qb5 Qxb5 20. Nxb5 Nxd5 21. Rd1 Nf6 22. Nxd6 Bxd6 23. Rxd6 e4 24. Nh2 Rfd8 25. Rxd8+ Rxd8 26. Be3 b6 27. b4 Na4 28. bxa5 bxa5 29. Bf4 Rc8 30. Rd1 h6 31. Rd2 Nc3 32. Be5 Nb1 33. Re2 Nxa3 34. Bxf6 gxf6 35. Rxe4 Nxc2 36. Ng4 Kg7 37.
Rf4 Rc6 38. Ra4 Ra6 39. Ne3 Nxe3 40.
fxe3 f5 41. Kf2 Kf6 42. Ke2 Ke5 43. Kf3 h5 44. g3 Ra8 45. e4 fxe4+ 46. Rxe4+ Kd5 47. Ra4 f5 48. Kf4 Kc5 49. Kxf5 Kb5 50. Ra1 a4 51. g4 Kb4 52. g5 a3 53. g6 Kb3 54. g7 Kb2 55. Rxa3 Kxa3 56. Kg6 h4 57. Kh7 Kb4 58. g8=Q Rxg8 59. Kxg8 Kc4 60. Kg7 Kd4 61. Kg6 Ke5 62. Kg5 Ke4 63. Kxh4 Kf4 64. Kh5 Kf5 65. Kh6 Kf6 66. h4 Kf7 67. Kh7 Kf6 68. h5 Kf7 69. h6 Kf8 70. Kg6 Kg8 71. Kg5 Kh7 72. Kh5 Kg8 73. Kg6 Kh8 1/2-1/2

[Variant "Standard"]
[Site "Europe Echecs"]

[Event "Championnat du monde jeunes U12F"]
[Date "2024.11.18"]
[White "Huang, Lucia"]
[Black "Hiznicenco, Valeria"]
[WhiteElo "1621"]
[BlackElo "1513"]
[Round "4.36"]
[Result "1-0"]
[TimeControl "5400+30"]

1. e4 e5 2. Nf3 Nc6 3. Bc4 Nf6 4. d3 Be7 5. c3 Na5 6. Bb5 c6 7. Ba4 b5 8. Bc2 d6 9. Nbd2 O-O 10. Nf1 Re8 11. Ng3 Bf8 12. O-O d5 13. Re1 d4 14. Bd2 c5 15. cxd4 exd4 16. h3 g6 17. Qc1 Bg7 18. a4 bxa4 19. Bxa4 Nd7 20. Bxa5 Qe7 21. Bc6 Rb8 22. Bc7 Rb4 23. Rxa7 Qf6 24. Bxd7 Bxd7 25. Ba5 Ra4 26. b3 Ra2 27. Qb1 Ra3 28. Qb2 Rxa5 29. Rxa5 Qd6 30. Rea1 Rf8 31. Qa3 1-0

[Variant "Standard"]
[Site "Europe Echecs"]

[Event "Championnat du monde jeunes U12F"]
[Date "2024.11.18"]
[White "Ordonez Alarcon, Daniela"]
[Black "Hrckova, Anna"]
[WhiteElo "1606"]
[BlackElo "1441"]
[Round "4.38"]
[Result "1-0"]
[TimeControl "5400+30"]

1. d4 d5 2. c4 c6 3. Nc3 Nf6 4. Nf3 e6 5. Bg5 h6 6. Bh4 Be7 7. cxd5 exd5 8. Qc2 Nbd7 9. e3 b5 10. Bd3 Bb7 11. O-O a6 12. a3 O-O 13. b4 a5 14. Qb2 axb4 15. axb4 Qc7 16. Bg3 Bd6 17. Bxd6 Qxd6 18. Nd2 Rfe8 19. Na2 Nb6 20. Nb3 Na4 21. Qc2 Ng4 22. g3 Nf6 23. Nc5 Nxc5 24. bxc5 Qe7 25. Nb4 Ne4 26. Na2 Qf6 27. Nc3 Ng5 28. f4 Rxe3 29. Rxa8+ Bxa8 30. fxg5 Qxd4 31. Qf2 Rxd3 32. Qxd4 Rxd4 33. gxh6 gxh6 34.
Ne2 Rc4 35. Rc1 Rb4 36. Kf2 Kg7 37. Ke3 Re4+ 38. Kd3 Kf6 39. Nd4 Kg5 40. Rf1 Kg4 41. Rxf7 Re8 42. Rf6 Rc8 43. Rxh6 Kg5 44. Rd6 b4 45. Kc2 Kg4 46. Kb3 Kh3 47. Rh6+ Kg2 48. Kxb4 Rb8+ 49. Ka5 Rb1 50. Nxc6 Bxc6 51. Rxc6 d4 52. Rd6 Rc1 53. Kb4 d3 54. Rxd3 Kxh2 55. Rc3 Rb1+ 56. Kc4 Rb8 57. c6 1-0

[Variant "Standard"]
[Site "Europe Echecs"]

[Event "Championnat du monde jeunes U12F"]
[Date "2024.11.18"]
[White "Kovalskyy, Alicia"]
[Black "Jung, Minju"]
[WhiteElo "1871"]
[BlackElo "1457"]
[Round "4.40"]
[Result "1-0"]
[TimeControl "5400+30"]

1. e4 e5 2. Nf3 Nc6 3. Bc4 Bc5 4. c3 Nf6 5. d3 O-O 6. O-O d6 7. Re1 Be6 8. Nbd2 Ne7 9. Bxe6 fxe6 10. d4 exd4 11. cxd4 Bb6 12. Nc4 Ng6 13. Nxb6 axb6 14. Bd2 c5 15. a3 d5 16. Ng5 Re8 17. e5 Nd7 18. Qh5 Ndf8 19. Nxh7 Nxh7 20. Qxg6 cxd4 21. Qg4 Qe7 22. Qxd4 Qc5 23. Be3 Qxd4 24. Bxd4 b5 25. Rac1 Rac8 26. Rc3 Rxc3 27. bxc3 Ra8 28. Bc5 Ng5 29. f3 Nf7 30. f4 Nd8 31. Rb1 Ra4 32. g3 Rc4 33. Bd4 Nc6 34. Rxb5 Nxd4 35. cxd4 Rxd4 36. Rxb7 Rd1+ 37.
Kg2 Rd2+ 38. Kh3 Ra2 39. Re7 Rxa3 40.
Rxe6 d4 41. Rd6 d3 42. e6 Kf8 43. Rd7 Ke8 44. Rxg7 d2
45. Rd7 Ra2 46. f5 Kf8 47. f6 d1=Q 48. Rxd1 Ra8 49. e7+ Kf7 50. Rd8 Rxd8 51. exd8=Q Kg6 52. Qe7 Kg5 53. f7+ Kg6 54. f8=Q Kh5 55. Qh7+ Kg5 56. Qhh6# 1-0

[Variant "Standard"]
[Site "Europe Echecs"]

[Event "Championnat du monde jeunes U12F"]
[Date "2024.11.18"]
[White "Ivanova, Gabriela"]
[Black "Groselj, Mirjam"]
[WhiteElo "1680"]
[BlackElo "1470"]
[Round "4.41"]
[Result "1-0"]
[TimeControl "5400+30"]

1. d4 d5 2. Nf3 Nf6 3. g3 e6 4. Bg2 Be7 5. c4 c6 6. O-O O-O 7. cxd5 exd5 8. Bf4 Bf5 9. Nc3 Nbd7 10. Rc1 Re8 11. Re1 Nb6 12. Ne5 Bd6 13. e3 Nc4 14. Nxc4 dxc4 15. Bxd6 Qxd6 16. e4 Bxe4 17. Nxe4 Nxe4 18. Bxe4 b5 19. b3 cxb3 20. Rxc6 Qd7 21. Rc1 b2 22. Rb1 Rad8 23. Rxb2 h6 24. Rb3 Qxd4 25. Qxd4 Rxd4 26. Bh7+ Kxh7 27. Rxe8 a6 28.
Ra3 Rd6 29. Ra8 Rd1+ 30. Kg2 b4 31.
R3xa6 Rd7 32. Rb8 Rd4 33. Ra4 Rd2 34.
Rbxb4 Rd8 35. Ra7 f6 36. Rbb7 Rg8 37. a4 f5 38. a5 Kg6 39. Rb6+ Kh7 40. a6 Rf8 41. Rb4 Re8 42. Rd7 Rf8 43. a7 Ra8 44. Rb8 1-0

[Variant "Standard"]
[Site "Europe Echecs"]

[Event "Championnat du monde jeunes U12F"]
[Date "2024.11.18"]
[White "Chen, Pin-I"]
[Black "Liu, Jingyu"]
[WhiteElo "1601"]
[BlackElo "1680"]
[Round "4.42"]
[Result "1/2-1/2"]
[TimeControl "5400+30"]

1. d4 d5 2. c4 e6 3. Nf3 Nf6 4. g3 Be7 5. Bg2 O-O 6. O-O c6 7. Qc2 b6 8. Nc3 Bb7 9. Rd1 Na6 10. a3 c5 11. dxc5 bxc5 12. e4 d4 13. e5 Nd7 14. Ne4 Qc7 15. Bf4 h6 16. h4 Bxe4 17. Qxe4 Rab8 18. Rab1 Rb6 19. Rd3 Nab8 20. b3 Nc6 21. Rd2 Rfb8 22. Rdb2 Na5 23. Qd3 Nc6 24. Qe4 Na5 25. Qd3 Nc6 26. Qe4 1/2-1/2

[Variant "Standard"]
[Site "Europe Echecs"]

[Event "Championnat du monde jeunes U12F"]
[Date "2024.11.18"]
[White "Dzafic, Merjem"]
[Black "Canossa, Elena"]
[WhiteElo "1568"]
[BlackElo "1482"]
[Round "4.43"]
[Result "1-0"]
[TimeControl "5400+30"]

1. e4 e5 2. Nf3 Nf6 3. Nxe5 d6 4. Nf3 Nxe4 5. Qe2 Qe7 6. d3 Nf6 7. Nc3 Qxe2+ 8. Bxe2 Be7 9. Nb5 Nd5 10. Bd2 Bd7 11. Nc3 Nf6 12. O-O-O Nc6 13. h3 h6 14. Rhe1 O-O-O 15. d4 d5 16. Bb5 Be6 17. Bxc6 bxc6 18. Ne5 Rde8 19. Nxc6 Kb7 20. Ne5 c6 21. Re2 Nd7 22. Nxd7 Bxd7 23. Rde1 Bd6 24. Rxe8 Rxe8 25. Rxe8 Bxe8 26. Ne2 h5 27. Bf4 Kc7 28. Bxd6+ Kxd6 29. Nf4 g6 30. Kd2 c5 31. Kc3 c4 32. b3 cxb3 33. axb3 a5 34. g4 hxg4 35. hxg4 Bd7 36. f3 Bc6 37. Kd3 Kc7 38. Ke3 Kb6 39. Ne2 Kb5 40. c3 a4 41. bxa4+ Kxa4 42. Kf4 f6 43. g5 f5 44. Ke5 Kb3 45. Kd6 Ba8 46. Nf4 Kxc3 47. Nxg6 Kxd4 48. Ne5 Ke3 49. g6 d4 50. g7 d3 51. Nxd3 Kxd3 52. g8=Q Bxf3 53. Ke5 Be4 54. Qd8+ Ke3 55. Qd4+ Kf3 56. Qc3+ Kg4 57. Qe3 Kh4 58. Qg1 Kh5 59. Qg3 Kh6 60. Kf6 f4 61. Qg5+ Kh7 62. Qg7# 1-0

[Variant "Standard"]
[Site "Europe Echecs"]

[Event "Championnat du monde jeunes U12F"]
[Date "2024.11.18"]
[White "Liu, Lillian Yu-Ning"]
[Black "Yang, Hayeon"]
[WhiteElo "1456"]
[BlackElo "1482"]
[Round "4.44"]
[Result "1-0"]
[TimeControl "5400+30"]

1. e4 e5 2. Nf3 Nc6 3. Bc4 Bc5 4. Nc3 Nf6 5. d3 h6 6. O-O d6 7. Na4 Bb6 8. h3 O-O 9. Re1 Bd7 10. Nxb6 axb6 11. c3 Ne7 12. d4 Ng6 13. b4 Re8 14. d5 Nh5 15. Nh2 Nhf4 16. Bxf4 Nxf4 17. Qf3 Rf8 18. Qg3 Qe8 19. Ng4 Kh8 20. Ne3 Bb5 21. Bxb5 Qxb5 22. Kh2 c5 23. Nf5 Ng6 24. h4 Rg8 25. h5 Nf4 26. Ne7 Rgf8 27. Nf5 g6 28. hxg6 fxg6 29. Nxh6 Kg7 30. Nf5+ Rxf5 31. exf5 Rh8+ 32. Kg1 Ne2+ 33. Rxe2 Qxe2 34. Qxg6+ Kf8 35. Qxd6+ Kg8 36. Qd8+ Kf7 37. Qxh8 1-0

[Variant "Standard"]
[Site "Europe Echecs"]

[Event "Championnat du monde jeunes U12F"]
[Date "2024.11.19"]
[White "Sinkar, Anagha Aniket"]
[Black "Amanzhol, Khanzada"]
[WhiteElo "1723"]
[BlackElo "1780"]
[Round "5.1"]
[Result "0-1"]
[TimeControl "5400+30"]

1. e4 c5 2. c3 Nf6 3. e5 Nd5 4. Nf3 Nc6 5. Bc4 Nb6 6. Bb3 c4 7. Bc2 d6 8. exd6 Qxd6 9. d4 Bg4 10. O-O O-O-O 11. Nbd2 e5 12. Qe2 exd4 13. Nxc4 Nxc4 14. Qxc4 Bxf3 15. Bf5+ Kb8 16. gxf3 Ne5 17. Qe2 d3 18. Qe4 g6 19. Bf4 Bg7 20. Bh3 Rhe8 21. Rfd1 Ka8 22. Bf1 f5 23. Qe3 g5 24. Bxe5 Bxe5 25. Rxd3 Bxh2+ 26. Kg2 Qh6 27. Rxd8+ Rxd8 28. f4 Bxf4 29. Qh3 Qg6 30. Qf3 Bb8 31. Bd3 g4 32. Qe3 Qd6 33. Rd1 Qh2+ 34. Kf1 f4 35. Qe4 Qh3+ 36. Ke2 f3+ 37. Kd2 Qg2 38. Ke3 Qh3 39. Kd2 Qh2 40. Qxg4 Qxf2+ 41. Kc1 Qe3+ 42. Kc2 Bf4 43.
Qh4 Bg5 44. Qxh7 f2 45. Qh1 Bf4 0-1

[Variant "Standard"]
[Site "Europe Echecs"]

[Event "Championnat du monde jeunes U12F"]
[Date "2024.11.19"]
[White "Chovanec, Alice"]
[Black "Buyankhishig, Batpelden"]
[WhiteElo "1694"]
[BlackElo "1867"]
[Round "5.2"]
[Result "0-1"]
[TimeControl "5400+30"]

1. d4 Nf6 2. c4 e6 3. Nc3 Bb4 4. f3 d5 5. a3 Bxc3+ 6. bxc3 c5 7. e3 O-O 8. cxd5 exd5 9. Bd3 b6 10. Ne2 Re8 11. O-O Ba6 12. Ng3 Bxd3 13. Qxd3 Nc6 14. Bb2 h5 15. Rae1 h4 16. Nh1 Nh5 17. Nf2 Re6 18. Nh3 Qe7 19. Bc1 Re8 20. Bd2 g6 21. f4 c4 22. Qe2 f5 23. Ng5 Nxf4 24. Qf3 Qxg5 25. exf4 Qd8 26. Rxe6 Rxe6 27. Re1 Qd6 28. Rxe6 Qxe6 29. Kf1 Qe4 30. Qh3 Qd3+ 31. Qxd3 cxd3 32. Kf2 h3 33. gxh3 Na5 34. Ke3 Nc4+ 35. Kxd3 Nxa3 36. Bc1 Nc4 37. Kc2 b5 38. h4 Kh7 39. h5 gxh5 40. h4 Kg6 41. Kd3 Kf6 42. Kc2 Ke6 43. Kb3 Kd6 44. Ba3+ Nxa3 45. Kxa3 a5 46. Kb3 Kc6 47. Ka3 a4 48. Kb4 Kb6 49. c4 dxc4 50. d5 a3 51. Kxa3 Kc5 52. d6 Kxd6 53. Kb4 Kd5 54. Kc3 Ke4 55. Kb4 Kxf4 56. Kxb5 c3 57. Kb4 c2 58. Kb3 c1=Q 59. Ka2 Ke4 60. Kb3 Kd4 61. Ka2 Qc3 62. Kb1 Qd2 63. Ka1 Kc3 64. Kb1 Qb2# 0-1

[Variant "Standard"]
[Site "Europe Echecs"]

[Event "Championnat du monde jeunes U12F"]
[Date "2024.11.19"]
[White "Zavivaeva, Kristina"]
[Black "Siddhi Rao"]
[WhiteElo "1775"]
[BlackElo "1677"]
[Round "5.3"]
[Result "1/2-1/2"]
[TimeControl "5400+30"]

1. Nf3 d5 2. g3 Nd7 3. c4 dxc4 4. Na3 e5 5. Qc2 Bc5 6. Bg2 Ngf6 7. O-O O-O 8. Nxc4 Qe7 9. b3 h6 10. Bb2 e4 11. Nfe5 Nxe5 12. Bxe5 Ng4 13. Bb2 Bf5 14. Ne3 Nxe3 15. fxe3 Bh7 16. Rf4 Rae8 17. Raf1 Bd6 18. Rg4 Be5 19. Bxe4 f5 20. Bxe5 Qxe5 21. Rgf4 g5 22. d4 Qe6 23. Bd3 Qxe3+ 24. R4f2 Re7 25. Qc5 b6 26. Qd5+ Kg7 27. Kh1 c6 28. Qc4 Ref7 29. Rf3 Qe8 30. Qc2 Qd7 31. Qc3 Rf6 32. e3 Qd5 33. Kg1 b5 34. a4 a6 35. R3f2 Re8 36. e4 fxe4 37. Rxf6 exd3 38. Qc5 Qxc5 39. dxc5 Be4 40. Rd6 Bd5 41. axb5 axb5 42. Rd1 Re3 43. Rd2 Rf3 44. Rxd5 cxd5 45. c6 Rf6 46. Rxd3 Rxc6 47. Rxd5 b4 48. Rb5 Rc1+ 49. Kg2 Rc2+ 50. Kh3 Kg6 51. Rb6+ Kg7 52. Rxb4 h5 53. Rc4 Rb2 54. b4 Kf6 55. Rc6+ Kf5 56. Rc5+ Kg6 57. Rc6+ Kf5 58. Rc5+ Kg6 1/2-1/2

[Variant "Standard"]
[Site "Europe Echecs"]

[Event "Championnat du monde jeunes U12F"]
[Date "2024.11.19"]
[White "Mozolevskaya, Tatyana Nik"]
[Black "Allahverdi, Zahra"]
[WhiteElo "1775"]
[BlackElo "1718"]
[Round "5.4"]
[Result "1/2-1/2"]
[TimeControl "5400+30"]

1. c4 e5 2. Nc3 Nc6 3. g3 Nf6 4. Bg2 d6 5. d3 Be7 6. Nf3 h6 7. O-O O-O 8. Rb1 Be6 9. Nd2 d5 10. b3 d4 11. Nb5 a6 12. Na3 Qd7 13. Nc2 Nh7 14. b4 f5 15. a4 f4 16. b5 Nd8 17. Nf3 fxg3 18.
fxg3 Nf7 19. Nce1 axb5 20. axb5 e4 21.
Nd2 exd3 22. exd3 Nfg5 23. Nef3 Nh3+ 24.
Kh1 N7g5 25. Nxg5 Bxg5 26. Ne4 Be7 27.
Bb2 Rxf1+ 28. Qxf1 Rf8 29. Qe2 Bg4 30. Qd2 Rf3 31. Rf1 Re3 32. Re1 Rf3 33. Rf1 Re3 34. Re1 1/2-1/2

[Variant "Standard"]
[Site "Europe Echecs"]

[Event "Championnat du monde jeunes U12F"]
[Date "2024.11.19"]
[White "Abak, Tuana"]
[Black "Qiu, Laurie"]
[WhiteElo "1806"]
[BlackElo "1994"]
[Round "5.5"]
[Result "0-1"]
[TimeControl "5400+30"]

1. e4 c5 2. c3 Nf6 3. e5 Nd5 4. Nf3 Nc6 5. Bc4 Nb6 6. Bb3 d6 7. exd6 Qxd6 8. O-O Be6 9. a4 Bxb3 10. Qxb3 Qd5 11. Qc2 e5 12. Na3 a6 13. Re1 Be7 14. b3 O-O 15. Bb2 Bf6 16. Rad1 Rad8 17. d3 Rfe8 18. Rd2 h5 19. Nc4 Nxc4 20. dxc4 Qe6 21. Rde2 Rb8 22. Ba3 b6 23. Nd2 h4 24. Ne4 Be7 25. Qd3 Rbd8 26. Qe3 f5 27. Nd2 Qg6 28. Qh3 e4 29. Nf1 Bf6 30. Rc1 f4 31. Rd2 Rxd2 32. Nxd2 e3 33. fxe3 fxe3 34. Nf3 Qd3 35. Ne1 Qd2 36. Qf3 Ne5 37. Qf5 h3 38. g3 Nd3 39. Qxd3 Qf2+ 40. Kh1 Rd8 41. Qf1 Qxf1# 0-1

[Variant "Standard"]
[Site "Europe Echecs"]

[Event "Championnat du monde jeunes U12F"]
[Date "2024.11.19"]
[White "Rzadkowska, Kaja"]
[Black "Pratitee Bordoloi"]
[WhiteElo "1798"]
[BlackElo "1929"]
[Round "5.6"]
[Result "1/2-1/2"]
[TimeControl "5400+30"]

1. e4 c6 2. d4 d5 3. Nd2 dxe4 4. Nxe4 Nf6 5. Nxf6+ exf6 6. c3 Bd6 7. Bd3 O-O 8. Ne2 Re8 9. O-O Nd7 10. Ng3 Nf8 11. f4 c5 12. d5 Ng6 13. c4 Qc7 14. Qf3 Bd7 15. Bd2 b5 16. b3 bxc4 17. bxc4 Rab8 18. Nh5 Kh8 19. Bc3 Re7 20. Nxf6 gxf6 21. Bxf6+ Kg8 22. f5 Bxh2+ 23. Kh1 Bxf5 24. Bxe7 Nxe7 25.
Bxf5 Nxf5 26. Qxf5 Rb6 27. Rf3 Rg6 28. Rh3 Bg3 29. Rf1 Qe7 30. Qf3 Qc7 31. Qh5 h6 32. Qf3 Kg7 33. Rh5 Qe7 34. Kg1 Bd6 35. Qc3+ Kg8 36. Re1 Qd7 37. Qh3 Qxh3 38. Rxh3 Kg7 39. Ra3 a6 40. Re8 h5 41. Ra8 Rg4 42. R8xa6 Be5 43. R3a4 h4 44. Kf1 Re4 45. Kf2 Bg3+ 46. Kf3 Re1 47. d6 Rd1 48. Ra3 Bxd6 49. Ke2 Rd4 50. Rd3 Re4+ 51. Kf3 Rf4+ 52. Ke3 Be5 53. Rd5 f6 54. Rxc5 Rg4 55. Kf3 Rg3+ 56. Ke4 Rxg2 57. Rxe5 Re2+ 58. Kf3 Rxe5 59. Rd6 Ra5 60. Rd2 f5 61. Rc2 1/2-1/2

[Variant "Standard"]
[Site "Europe Echecs"]

[Event "Championnat du monde jeunes U12F"]
[Date "2024.11.19"]
[White "Venskaya, Nika"]
[Black "Xia, Miaoyan"]
[WhiteElo "1871"]
[BlackElo "1711"]
[Round "5.7"]
[Result "1-0"]
[TimeControl "5400+30"]

1. d4 d5 2. Nf3 c5 3. g3 Nc6 4. Bg2 Nf6 5. O-O Bf5 6. c4 e6 7. cxd5 exd5 8. dxc5 Bxc5 9. a3 a5 10. Bg5 d4 11. Nh4 Bd7 12. Nd2 h6 13. Bxf6 Qxf6 14. Ne4 Qe7 15. b4 axb4 16. Nxc5 Qxc5 17. axb4 Rxa1 18. Qxa1 Qxb4 19. Bxc6 Ke7 20. Bxd7 Kxd7 21. Rd1 Kc7 22. Rxd4 Qb5 23. Qc1+ Kb6 24. Qe3 Ka6 25. Qa3+ Kb6 26. Rb4 Rc8 27. Rxb5+ Kxb5 28. Nf5 1-0

[Variant "Standard"]
[Site "Europe Echecs"]

[Event "Championnat du monde jeunes U12F"]
[Date "2024.11.19"]
[White "Tran Le Vy"]
[Black "Anu, Bayart-Uchral"]
[WhiteElo "1854"]
[BlackElo "1624"]
[Round "5.8"]
[Result "1/2-1/2"]
[TimeControl "5400+30"]

1. e4 c5 2. Nf3 a6 3. c3 d5 4. exd5 Qxd5 5. d4 Nf6 6. Na3 e6 7. Nc4 Nbd7 8. a4 b6 9. Be2 Bb7 10. O-O Be7 11. Ne3 Qd6 12. Nc4 Qc6 13. Nce5 Nxe5 14. dxe5 Nd7 15. Bf4 g5 16. Bg3 O-O-O 17. Qc1 g4 18. Ne1 h5 19. f3 h4 20. Bf4 h3 21. g3 Rh5 22. Qe3 f6 23. Qe4 gxf3 24. Qxc6+ Bxc6 25. Bxa6+ Bb7 26. Bxb7+ Kxb7 27. exf6 Nxf6 28.
Nxf3 c4 29. Rfe1 Bc5+ 30. Kf1 Rd3 31.
Ne5 Rxe5 32. Rxe5 Ng4 33. Rxe6 Rf3+ 34.
Ke1 Nxh2 35. Rd1 Rf1+ 36. Kd2 Rxd1+ 37.
Kxd1 Ng4 38. Re1 h2 39. Kc2 Nf2 40. g4 h1=Q 41. Rxh1 Nxh1 42. g5 Nf2 43. g6 Ng4 44. g7 Nf6 45. Be5 Ng8 46. b3 cxb3+ 47. Kxb3 Kc6 48. Kc4 1/2-1/2

[Variant "Standard"]
[Site "Europe Echecs"]

[Event "Championnat du monde jeunes U12F"]
[Date "2024.11.19"]
[White "Bassari, Senem Gul"]
[Black "Xue, Tianhao"]
[WhiteElo "1778"]
[BlackElo "1835"]
[Round "5.9"]
[Result "0-1"]
[TimeControl "5400+30"]

1. e4 c5 2. Nf3 Nc6 3. d3 Nf6 4. g3 d5 5. Qe2 Bg4 6. Be3 dxe4 7. dxe4 Nxe4 8. Bg2 Qb6 9. c3 e6 10. O-O Nf6 11. h3 Bxf3 12. Bxf3 Be7 13. Na3 O-O 14. Rab1 Qc7 15. Bf4 e5 16. Nb5 Qb8 17. Be3 Qc8 18. Bg2 a6 19. Na3 Qe6 20. Nc4 e4 21. Bg5 Rfe8 22. Rfe1 Bf8 23. Bxf6 Qxf6 24. Bxe4 Qh6 25. Qg4 Rad8 26. Rbd1 Rxd1 27. Rxd1 b5 28. Bxc6 Qxc6 29. Ne3 g6 30. h4 h5 31. Qf4 c4 32. Qg5 Bc5 33. Qf4 Bxe3 34. fxe3 Qc5 35. Rd4 a5 36. Kh2 Qe7 37. e4 a4 38. a3 Qe6 39. Qg5 Qc6 40. Qf4 Kg7 41. Kg1 Re6 42. e5 Qc5 43. Kh2 Rxe5 44. Rd2 Qe7 45. Qf2 Kh7 46. Kh3 Rf5 47. Qg2 Qe1 48. Re2 Qd1 49. Rd2 Qg4+ 50. Kh2 Kg7 51. Rf2 Re5 52. Qf1 Qe6 53. Qg2 Re1 54. Qf3 Re5 55. Qd1 Kh7 56. Qf1 Kg8 57. Qd1 Rd5 58. Qf3 Rd3 59. Qg2 Kg7 60. Re2 Qd6 61. Rf2 Qe5 62. Re2 Qf5 63. Rf2 Qg4 64. Rf4 Qd7 65. Rf2 Qd6 66. Re2 Kh6 67. Rf2 f5 68. Rf4 Qe5 69. Rf2 Qd6 70. Rf4 Qe5 71. Rf2 Re3 72. Rf4 Re2 73. Rf2 Re4 74. Kg1 Rg4 75. Rf3 Qe1+ 76. Kh2 f4 77. Rxf4 Rxf4 78. gxf4 Qxh4+ 79. Kg1 Qg4 80. Qxg4 hxg4 81. Kg2 g5 82. f5 Kg7 83. Kg3 Kf7 84. Kxg4 Kf6 85. Kg3 Kxf5 86. Kf3 g4+ 87. Kg3 Kg5 88. Kg2 Kf4 89. Kf2 Ke4 90. Kg3 Kd3 91. Kxg4 Kc2 92. Kf4 Kxb2 93. Ke4 Kxc3 94. Ke3 Kb3 95. Kd4 0-1

[Variant "Standard"]
[Site "Europe Echecs"]

[Event "Championnat du monde jeunes U12F"]
[Date "2024.11.19"]
[White "Tu, Audrey"]
[Black "Xu, Luna Yuexiu"]
[WhiteElo "1765"]
[BlackElo "1821"]
[Round "5.10"]
[Result "1-0"]
[TimeControl "5400+30"]

1. e4 c5 2. Nf3 d6 3. d4 cxd4 4. Nxd4 Nf6 5. Nc3 a6 6. Be2 e5 7. Nb3 Be7 8. O-O Be6 9. Bf3 O-O 10. a4 b6 11. Be3 Nbd7 12. Qe2 Qc7 13. Rfd1 Rfd8 14. Nd2 Nc5 15. Nf1 Qc6 16. Bxc5 Qxc5 17. Ne3 h6 18. Ned5 Nxd5 19. Nxd5 Bxd5 20. Rxd5 Qc6 21. Ra3 Rac8 22. c3 Qc4 23. Qe3 Bg5 24. Qe1 b5 25. axb5 axb5 26. Qd1 Rc6 27. Rb3 Rb6 28. Rb4 Qc6 29. Qb3 Rdb8 30. Be2 Ra8 31. g3 Ra4 32. Rbxb5 Ra1+ 33. Kg2 Rxb5 34. Qxb5 Qc7 35. Qe8+ Kh7 36. Qf8 Qb6 37. Qxf7 Qxb2 38. Qf5+ Kh8 39. Rb5 Qxb5 40. Bxb5 Ra8 41. h4 Bf6 42. c4 Be7 43. Qe6 Bf8 44. c5 dxc5 45. Bc4 Kh7 46. h5 Bd6 47. Qxd6 Kh8 48. Qxc5 Re8 49. Bf7 Rd8 50. Qxe5 Kh7 51. Qf5+ Kh8 52. e5 Rf8 53. e6 g6 54. Qf6+ Kh7 55. hxg6# 1-0

[Variant "Standard"]
[Site "Europe Echecs"]

[Event "Championnat du monde jeunes U12F"]
[Date "2024.11.19"]
[White "Aadya Ranganath"]
[Black "Pavithra R V"]
[WhiteElo "1753"]
[BlackElo "1854"]
[Round "5.11"]
[Result "0-1"]
[TimeControl "5400+30"]

1. e4 c5 2. Nf3 Nc6 3. d4 cxd4 4. Nxd4 Nf6 5. Nc3 e5 6. Ndb5 d6 7. Nd5 Nxd5 8. exd5 Nb8 9. a4 a6 10. Na3 Qc7 11. Nc4 Nd7 12. Be3 b6 13. a5 b5 14. Nb6 Rb8 15. Nxd7 Bxd7 16. Bb6 Qb7 17. c4 bxc4 18. Bxc4 Be7 19. Qd3 Ra8 20. O-O f5 21. f4 e4 22. Qe3 Bf6 23. Rab1 h6 24. Qe2 g5 25. b4 Ke7 26. b5 axb5 27. Bxb5 gxf4 28. Bxd7 Qxd7 29. Rbc1 Rac8 30. a6 Rhg8 31. Kh1 Rxc1 32. Rxc1 Rc8 33. Rc4 Rb8 34. Rc6 Bd4 35. Bxd4 Rb1+ 36. Bg1 Qa7 37. Rc7+ Qxc7 38. g3 Qa7 39. Kg2 f3+ 40. Kh3 fxe2 41. Bxa7 e1=Q 42. Bb6 Qf1+ 43.
Kh4 Qf3 44. Bd8+ Kxd8 45. Kh3 Rb2 46. a7 Qg4# 0-1

[Variant "Standard"]
[Site "Europe Echecs"]

[Event "Championnat du monde jeunes U12F"]
[Date "2024.11.19"]
[White "Ejsymont, Blanka"]
[Black "Li, Peishan"]
[WhiteElo "1945"]
[BlackElo "1729"]
[Round "5.12"]
[Result "1-0"]
[TimeControl "5400+30"]

1. e4 c5 2. Nf3 e6 3. d4 cxd4 4. Nxd4 a6 5. a3 Qc7 6. c4 Nf6 7. Nc3 Nc6 8. Be3 Be7 9. Be2 O-O 10. O-O Rd8 11. f4 d6 12. b4 Nxd4 13. Qxd4 e5 14. Qb6 Qxb6 15. Bxb6 Re8 16. f5 Bd7 17. Rad1 Rac8 18. g4 h6 19. h3 Kf8 20. Be3 b5 21. g5 hxg5 22. Bxg5 bxc4 23. Bxf6 gxf6 24. Kh2 Bc6 25. Rf3 Red8 26. Rg3 Bb7 27. Bh5 a5 28. Rdg1 Ke8 29. Rg7 axb4 30. Bxf7+ Kd7 31. Be6+ Kc6 32. axb4 Rc7 33. Nd5 Re8 34. b5+ 1-0

[Variant "Standard"]
[Site "Europe Echecs"]

[Event "Championnat du monde jeunes U12F"]
[Date "2024.11.19"]
[White "Hanya Shah"]
[Black "Zavivaeva, Angelina"]
[WhiteElo "1888"]
[BlackElo "1499"]
[Round "5.13"]
[Result "1-0"]
[TimeControl "5400+30"]

1. c4 c6 2. Nc3 d5 3. e3 Nf6 4. Nf3 e6 5. Qc2 Bd6 6. d4 Nbd7 7. g4 dxc4 8. Bxc4 Nxg4 9. Rg1 Nxh2 10. Nxh2 Bxh2 11. Rxg7 Qh4 12. Bd2 Qh6 13. Rg2 b5 14. Bd3 Bb7 15. O-O-O Qh3 16. Be4 f5 17. Rh1 fxe4 18. Rhxh2 Qf3 19. Rg3 Qf7 20. Nxe4 Qe7 21. a3 a5 22. f3 b4 23. a4 O-O-O 24. Rhg2 Qh4 25. Nd6+ Kc7 26. Nf7 Rhf8 27. Nxd8 Kxd8 28. e4 Kc7 29. f4 Qf6 30. Be3 h5 31. d5 exd5 32. exd5 Qd6 33. Rd2 Kb8 34. Rg6 Rf6 35. Rxf6 Qxf6 36. dxc6 Bxc6 37. Qd3 Bxa4 38. Qd6+ Qxd6 39. Rxd6 Kc7 40. Rh6 Bb3 41. Rxh5 a4 42. Bc5 Nxc5 43. Rxc5+ Kb6 44. Rh5 a3 45. bxa3 bxa3 46. Rh3 Bf7 47. Rxa3 Kc5 48. Kd2 Kd5 49. Ke3 Bg6 50. Ra5+ Ke6 51. Kd4 Kf6 52. Ra6+ Kf5 53. Rxg6 Kxg6 54. Ke5 Kf7 55. Ke4 1-0

[Variant "Standard"]
[Site "Europe Echecs"]

[Event "Championnat du monde jeunes U12F"]
[Date "2024.11.19"]
[White "Tong Thai Hoang An"]
[Black "Chichinadze, Anastasia"]
[WhiteElo "1869"]
[BlackElo "1682"]
[Round "5.14"]
[Result "1-0"]
[TimeControl "5400+30"]

1. d4 Nf6 2. c4 e6 3. g3 Bb4+ 4. Nd2 O-O 5. Bg2 d5 6. Nf3 Nc6 7. Qc2 Ne4 8. e3 Nxd2 9. Bxd2 Bxd2+ 10. Nxd2 Ne7 11. O-O Nf5 12. Rfd1 c6 13. Qd3 Qb6 14. b3 Rd8 15. Rac1 f6 16. Qc3 Qc7 17. e4 Ne7 18. Nf1 Qd6 19. Ne3 b6 20. cxd5 exd5 21. exd5 cxd5 22. Qc7 Be6 23. Qxd6 Rxd6 24. Rc7 Nf5 25. Nxf5 Bxf5 26. Re1 a5 27. Ree7 g5 28. Bf3 Rad8 29. Kf1 R8d7 30. Rexd7 Bxd7 31. Ke2 Be6 32. Kd3 Bf7 33. Kc3 Kf8 34. b4 axb4+ 35. Kxb4 Rd8 36. Kb5 Rb8 37. Kc6 Be8+ 38. Kd6 Bf7 39. Rd7 Rc8 40. Bxd5 Bxd5 41. Kxd5 Rc2 42. a4 Rxf2 43. Rxh7 Ra2 44. Ke6 Rxa4 45. Kxf6 Kg8 46. Rg7+ Kh8 47. Rb7 Rxd4 48. Rxb6 g4 49. Kg6 Rd8 50. Kg5 Rd2 51. Rh6+ Kg7 52. Rh4 Rf2 53. Kxg4 1-0

[Variant "Standard"]
[Site "Europe Echecs"]

[Event "Championnat du monde jeunes U12F"]
[Date "2024.11.19"]
[White "Harutyunyan, Gabriela"]
[Black "Illes-Nagy, Nora"]
[WhiteElo "1730"]
[BlackElo "1803"]
[Round "5.15"]
[Result "0-1"]
[TimeControl "5400+30"]

1. e4 c5 2. Nc3 e6 3. Nf3 Nc6 4. d4 cxd4 5. Nxd4 Qc7 6. Be3 a6 7. Qd2 Nf6 8. O-O-O Nxd4 9. Bxd4 e5 10. Be3 Bb4 11. f3 d6 12. a3 Bxc3 13. Qxc3 Qxc3 14. bxc3 Ke7 15. Bb6 Be6 16. Be2 Rac8 17. Kb2 Rc6 18. Ba5 b6 19. Bb4 a5 20. Bb5 Rhc8 21. Bxc6 Rxc6 22. Rhe1 axb4 23. cxb4 b5 24. g3 Nd7 25. f4 f6 26. a4 bxa4 27. Ra1 Nb6 28. c3 Bb3 29. h3 Ke6 30. Re2 g6 31. fxe5 dxe5 32. Rc1 Nc4+ 33. Ka1 Rd6 34. g4 Rd3 35. Rf1 Rd1+ 36. Rxd1 Bxd1 37. Re1 Bb3 38. Kb1 f5 39. gxf5+ gxf5 40. exf5+ Kxf5 41. Rf1+ Ke4 42. Rf8 Kd3 43. Rd8+ Kxc3 44. b5 Na3+ 45. Kc1 Nxb5 46. Kb1 e4 47. h4 e3 48. Re8 Kd2 49. Rd8+ Ke1 50. h5 e2 51. h6 Be6 52. Re8 Nd4 0-1

[Variant "Standard"]
[Site "Europe Echecs"]